 Dungeon Crawl Stone Soup version 0.29-a0-789-g7a8fcbc185 (webtiles) character file.

Game seed: 15517089435997103650

32 HoaS the Ruffian (level 3, -5/33 HPs)
             Began as a Troll Gladiator on July 2, 2022.
             Slain by Sigmund
             ... wielding a +0 scythe
              (8 damage)
             ... on level 2 of the Dungeon.
             The game lasted 00:02:03 (900 turns).

HoaS the Ruffian (Troll Gladiator)                   Turns: 900, Time: 00:02:03

Health: -5/33      AC:  5    Str: 22    XL:     3   Next: 8%
Magic:  2/2        EV: 10    Int:  4    God:
Gold:   54         SH:  0    Dex: 13    Spells: 2/2 levels left

rFire   . . .      SeeInvis .     - Unarmed
rCold   . . .      Faith    .   (no shield)
rNeg    . . .      Spirit   .   a - +0 robe
rPois   .          Reflect  .   b - +0 hat
rElec   .          Harm     .   f - +0 cloak
rCorr   .          Rampage  .   (gloves unavailable)
Will    .....                   (boots unavailable)
Stlth   +.........              (no amulet)
HPRegen 0.91/turn               (no ring)
MPRegen 0.08/turn               (no ring)

@: no status effects
A: large, unfitting armour, claws 3, regeneration 1, shaggy fur 1, tough skin 1
a: no special abilities


You were on level 2 of the Dungeon.
You visited 1 branch of the dungeon, and saw 2 of its levels.

You collected 54 gold pieces.

Inventory:

Missiles
 c - 2 throwing nets (quivered)
 d - a large rock
 k - 6 poisoned darts
Armour
 a - a +0 robe (worn)
 b - a +0 hat (worn)
 f - a +0 cloak (worn)
Potions
 e - a potion of curing
 h - a potion of mutation
 i - a potion of might {unknown}


   Skills:
 - Level 1.5 Fighting
 - Level 1.7 Throwing
 - Level 2.4 Dodging
 + Level 4.3 Unarmed Combat


You had 2 spell levels left.
You didn't know any spells.
Your spell library was empty.

Dungeon Overview and Level Annotations

Branches:
Dungeon (2/15)

Altars:

Annotations:
D:2 Sigmund, Terence


Innate Abilities, Weirdness & Mutations

You are too large for most types of armour.
You have claws for hands.
Your natural rate of healing is unusually fast.
You are covered in fur. (AC +1)
You have tough skin. (AC +1)


Message History

The goblin shouts!
The goblin moves out of view.
A goblin is nearby!
Sigmund the Dreaded comes into view.
He is wielding a +0 scythe and wearing a +2 robe of cold resistance.
Found a book of Debilitation.
Sigmund misses you. The goblin barely misses you.
You completely miss the goblin. The goblin completely misses you.
Sigmund hits you from afar with a +0 scythe!
You scratch the goblin.
The goblin is moderately wounded.
The goblin hits you with a +0 club. The goblin attacks as you move away!
The goblin closely misses you.
Sigmund says, "Look into my eyes."
The goblin attacks as you move away! The goblin hits you but does no damage.
Sigmund casts a spell.
Sigmund flickers and vanishes!
Deactivating autopickup; reactivate with Ctrl-A.
The goblin attacks as you move away! The goblin barely misses you.
The goblin attacks as you move away! The goblin hits you with a +0 club.
The goblin attacks as you move away! The goblin completely misses you.
You claw the goblin!
You kill the goblin!
Something hits you!
You see here a +0 club.
Throw: 3 throwing nets
Press: ? - help, Q - select action, (/) - cycle Shift-Dir - straight line You throw a throwing net.
Something hits you.
You closely miss something. Something hits you!
You miss something. You barely miss something.
You hear some strange, mumbled words.
A puff of flame appears from out of thin air!
The puff of flame hits you!
You closely miss something. Something hits you.
You scratch something. Something hits you!
* * * LOW HITPOINT WARNING * * *
You scratch something.
Terence shouts!
You claw something! Something hits you!
You die...

#.#.#####.#
#...
#..@......#####
#..#
##.......@....#
#..#
#..##.##.###.#
#... #..##.##.#
#.####.##
#.....##.#
#......#
##.#####.#
########
#{#####.#
#.@)....#
#########


You could see Terence.

Vanquished Creatures
  A bat (D:1)
  3 endoplasms (D:1)
  2 giant cockroaches (D:1)
  4 goblins
  3 quokkas (D:1)
  2 ball pythons
  2 kobolds (D:1)
  16 rats (D:1)
33 creatures vanquished.

Notes
Turn   | Place    | Note
-------+----------+-------------------------------------------
     0 | D:1      | HoaS the Troll Gladiator began the quest for the Orb.
     0 | D:1      | Reached XP level 1. HP: 19/19 MP: 0/0
   152 | D:1      | Reached XP level 2. HP: 27/27 MP: 1/1
   306 | D:1      | Found a faded altar of an unknown god.
   332 | D:1      | Reached skill level 4 in Unarmed Combat
   691 | D:1      | Reached XP level 3. HP: 33/33 MP: 2/2
   865 | D:2      | Noticed Terence
   877 | D:2      | Noticed Sigmund
   900 | D:2      | Slain by Sigmund

Illustrated notes

Levels and vault maps discovered:
D:1:      saegor_arrival_simple_c, layout_loops_ring,
          chequers_ecumenical_altar_simple_redux, minmay_rat_gold_closets
D:2:      layout_loops_cross, uniq_sigmund, uniq_terence

Skill      XL: |  1  2 |
---------------+-------+-----
Unarmed Combat | 4 |  4.3
Fighting       | |  1.5
Throwing       | |  1.7
Dodging        | |  2.4

Action                   || total
-------------------------++-------
Melee: Unarmed           ||    81
Throw: Throwing net      ||     1
  Use: Scroll            ||     3
 Stab: Sleeping          ||     6
Armor: Robe              ||    15
Dodge: Dodged            ||    43

Table legend: (Time is in decaauts)
 A = Elapsed time spent in this place.
 B = Non-inter-level travel time spent in this place.
 C = Inter-level travel time spent in this place.
 D = Time resting spent in this place.
 E = Time spent auto-exploring this place.
 F = Levels seen in this place.
 G = Mean time per level.
                   A        B        C        D        E       F      G
               +--------+--------+--------+--------+--------+-----+--------+
         Total |    894 |    864 |     30 |      0 |    656 |   2 |  447.0 |
       Dungeon |    894 |    864 |     30 |      0 |    656 |   2 |  447.0 |
               +--------+--------+--------+--------+--------+-----+--------+

Top non-repeatable levels by time:
     D:1: 761 daAuts
     D:2: 132 daAuts
